Workbook

Sheet QUOTATION
B3: NAME OF YOUR SHOP Email: youremail@gmail.com
B6: QUOTATION
B7: Date: | C7: =TODAY() -> 44936
B9: Bill To:
B11: DESCRIPTION | D11: QUANTITY | E11: UNIT PRICE | F11: TOTAL IN ₱
B12: Gold Toppers (Small) | D12: 40 | E12: 10 | F12: =D12*E12 -> 400
G14: <<[you can add/remove cells]
B17: Delivery fee
B18: TOTAL | F18: =SUM(F12:F17) -> 400
B20: Terms:
B21: 50% DOWN PAYMENT REQUIRED TO PROCESS YOUR ORDER: | F21: =F18/2 -> 200
B22: 50% FULL PAYMENT UPON COMPLETION OF ORDER
B23: DOWN PAYMENT IS NON-REFUNDABLE
B24: PRODUCTION WILL START WHEN THE DOWNPAYMENT IS SETTLED
B26: Bank Transfer: | C26: [enter your bank account number and name here]
B27: Gcash: | C27: [enter your gcash number and name here]
B28: Contact us if payment will be done via meet or drop-by
B30: Thank you! God bless!
B32: Prepared by: | C32: [Your Name Here]

Sheet INCOME
A2: [LOGO HERE] | B2: [YOUR SHOP NAME] INCOME TRACKER 2023
A4: MONTH | B4: DATE | C4: CUSTOMER | D4: ITEM DESCRIPTION | E4: AMOUNT | F4: REMARKS
A5: January | B5: 4 | C5: [Customer Name] | D5: Tshirt | E5: 600 | F5: Gcash
A6: January | B6: 4 | C6: [Customer Name] | D6: Jewelry Box | E6: 600 | F6: Meetup
A7: January | B7: 4 | C7: [Customer Name] | D7: Burlap, Mug | E7: 2000 | F7: Meetup
A8: January | B8: 4 | C8: [Customer Name] | D8: Topper | E8: 110 | F8: Gcash
A9: January | B9: 2 | C9: [Customer Name] | D9: Calendar | E9: 600 | F9: Gcash
A10: January | B10: 7 | C10: [Customer Name] | D10: Mini Calendar | E10: 2000 | F10: Gcash
A11: January | B11: 7 | C11: [Customer Name] | D11: Planner | E11: 1980 | F11: Meetup
A12: January | B12: 8 | C12: [Customer Name] | D12: Planner | E12: 5060 | F12: Gcash
A13: January | B13: 3 | C13: [Customer Name] | D13: Clear Mug | E13: 400 | F13: Gcash
A14: January | B14: 8 | C14: [Customer Name] | D14: Topper | E14: 120 | F14: Meetup
A15: January | B15: 8 | C15: [Customer Name] | D15: Onesie | E15: 250 | F15: Gcash
A16: January | B16: 8 | C16: [Customer Name] | D16: Calendar, Planner | E16: 850
A17: January | B17: 8 | C17: [Customer Name] | D17: Planner | E17: 250
A18: January | B18: 9 | C18: [Customer Name] | D18: Toppers (small) | E18: 400 | F18: Gcash
A19: January | B19: 9 | C19: [Customer Name] | D19: Mug Balloon | E19: 300 | F19: Gcash
A20: January | B20: 1 | C20: [Customer Name] | D20: Engraved Clear Mug | E20: 350 | F20: Bank Transfer

Sheet EXPENSE
A2: [LOGO HERE] | B2: [SHOP NAME HERE] EXPENSE TRACKER 2023
A4: MONTH | B4: DATE | C4: PURCHASER | D4: ITEM DESCRIPTION | E4: AMOUNT | F4: REMARKS
A5: January | B5: 3 | C5: [you can add data validation here] | D5: Long | E5: 1100 | F5: Bookstore | G5: << [you can add options/data at the remarks if you want]
A6: January | B6: 5 | C6: [you can add data validation here] | D6: Long, A4 Paper | E6: 1730 | F6: Bookstore
A7: January | B7: 6 | C7: [you can add data validation here] | D7: 100 gsm a4 | E7: 1663 | F7: Bookstore
A8: January | B8: 5 | C8: [you can add data validation here] | D8: Bobo Balloons | E8: 666 | F8: Shopee
A9: January | B9: 5 | C9: [you can add data validation here] | D9: L1300 board
A10: January | B10: 9 | C10: [you can add data validation here] | D10: Ballpen Case | E10: 2843 | F10: Shopee
A11: January | B11: 9 | C11: [you can add data validation here] | D11: Calling Card Paper | E11: 1364 | F11: Shopee
A12: January | B12: 9 | C12: [you can add data validation here] | D12: Paffle Brush | E12: 1502 | F12: Shopee
A13: January
A14: January
A15: January
A16: January
A17: January
A18: January

Sheet SUMMARY
A1: ANNUAL GROSS AND NET PROFIT 2023
A5: MONTHS | B5: GROSS PROFIT | C5: EXPENSES | D5: NET PROFIT
A6: January | B6: =SUMIF(INCOME!$A$5:$A$260,A6,INCOME!$E$5:$E$260) -> 15870 | C6: =SUMIF(EXPENSE!$A$5:$A$260,$A6,EXPENSE!$E$5:$E$260) -> 10868 | D6: =B6-C6 -> 5002
A7: February | B7: =SUMIF(INCOME!$A$5:$A$260,A7,INCOME!$E$5:$E$260) -> 0 | C7: =SUMIF(EXPENSE!$A$5:$A$260,$A7,EXPENSE!$E$5:$E$260) -> 0 | D7: =B7-C7 -> 0
A8: March | B8: =SUMIF(INCOME!$A$5:$A$260,A8,INCOME!$E$5:$E$260) -> 0 | C8: =SUMIF(EXPENSE!$A$5:$A$260,$A8,EXPENSE!$E$5:$E$260) -> 0 | D8: =B8-C8 -> 0
A9: April | B9: =SUMIF(INCOME!$A$5:$A$260,A9,INCOME!$E$5:$E$260) -> 0 | C9: =SUMIF(EXPENSE!$A$5:$A$260,$A9,EXPENSE!$E$5:$E$260) -> 0 | D9: =B9-C9 -> 0
A10: May | B10: =SUMIF(INCOME!$A$5:$A$260,A10,INCOME!$E$5:$E$260) -> 0 | C10: =SUMIF(EXPENSE!$A$5:$A$260,$A10,EXPENSE!$E$5:$E$260) -> 0 | D10: =B10-C10 -> 0
A11: June | B11: =SUMIF(INCOME!$A$5:$A$260,A11,INCOME!$E$5:$E$260) -> 0 | C11: =SUMIF(EXPENSE!$A$5:$A$260,$A11,EXPENSE!$E$5:$E$260) -> 0 | D11: =B11-C11 -> 0
A12: July | B12: =SUMIF(INCOME!$A$5:$A$260,A12,INCOME!$E$5:$E$260) -> 0 | C12: =SUMIF(EXPENSE!$A$5:$A$260,$A12,EXPENSE!$E$5:$E$260) -> 0 | D12: =B12-C12 -> 0
A13: August | B13: =SUMIF(INCOME!$A$5:$A$260,A13,INCOME!$E$5:$E$260) -> 0 | C13: =SUMIF(EXPENSE!$A$5:$A$260,$A13,EXPENSE!$E$5:$E$260) -> 0 | D13: =B13-C13 -> 0
A14: September | B14: =SUMIF(INCOME!$A$5:$A$260,A14,INCOME!$E$5:$E$260) -> 0 | C14: =SUMIF(EXPENSE!$A$5:$A$260,$A14,EXPENSE!$E$5:$E$260) -> 0 | D14: =B14-C14 -> 0
A15: October | B15: =SUMIF(INCOME!$A$5:$A$260,A15,INCOME!$E$5:$E$260) -> 0 | C15: =SUMIF(EXPENSE!$A$5:$A$260,$A15,EXPENSE!$E$5:$E$260) -> 0 | D15: =B15-C15 -> 0
A16: November | B16: =SUMIF(INCOME!$A$5:$A$260,A16,INCOME!$E$5:$E$260) -> 0 | C16: =SUMIF(EXPENSE!$A$5:$A$260,$A16,EXPENSE!$E$5:$E$260) -> 0 | D16: =B16-C16 -> 0
A17: December | B17: =SUMIF(INCOME!$A$5:$A$260,A17,INCOME!$E$5:$E$260) -> 0 | C17: =SUMIF(EXPENSE!$A$5:$A$260,$A17,EXPENSE!$E$5:$E$260) -> 0 | D17: =B17-C17 -> 0
A18: Anual Total: | B18: =SUM(B6:B17) -> 15870 | C18: =SUM(C6:C17) -> 10868 | D18: =SUM(D6:D17) -> 5002
